 Dungeon Crawl Stone Soup version 0.29.0-13-gc9e81de378 (webtiles) character file.

Game seed: 5664161762579412675

474 LucemDeus the Trooper (level 6, -3/49 HPs)
             Began as a Demonspawn Fighter on Sept 10, 2022.
             Slain by a gnoll bouda
             ... wielding a +0 whip
              (9 damage)
             ... on level 5 of the Dungeon.
             The game lasted 00:06:10 (3455 turns).

LucemDeus the Trooper (Demonspawn Fighter)          Turns: 3455, Time: 00:06:11

Health: -3/49      AC: 13    Str: 18    XL:     6   Next: 84%
Magic:  6/6        EV:  9    Int:  9    God:
Gold:   162        SH:  0    Dex: 13    Spells: 5/5 levels left

rFire   . . .      SeeInvis .   a - +1 war axe
rCold   . . .      Faith    .   (no shield)
rNeg    . . .      Spirit   .   i - +0 plate armour
rPois   .          Reflect  .   (no helmet)
rElec   .          Harm     .   (no cloak)
rCorr   .          Rampage  .   (no gloves)
Will    .....                   t - +0 pair of boots
Stlth   ..........              (no amulet)
HPRegen 0.16/turn               l - +4 ring of evasion
MPRegen 0.10/turn               (no ring)

@: no status effects
A: powered by pain 1, demonic touch 2
a: no special abilities


You were on level 5 of the Dungeon.
You visited 1 branch of the dungeon, and saw 5 of its levels.

You collected 162 gold pieces.

Inventory:

Hand Weapons
 a - a +1 war axe (weapon)
Armour
 b - a +0 scale mail
 c - a +0 buckler
 i - a +0 plate armour (worn)
 q - a +2 leather armour of positive energy
 t - a +0 pair of boots (worn)
 y - an orb of mayhem
Jewellery
 l - a +4 ring of evasion (left hand)
Wands
 g - a wand of digging (5)
 p - a wand of paralysis (13)
Scrolls
 e - 2 scrolls of summoning
 r - 2 scrolls of teleportation
 v - a scroll of poison
Potions
 d - 4 potions of might
 f - a potion of curing
 h - a potion of magic {unknown}
 k - a potion of cancellation {unknown}
 m - a potion of haste {unknown}
 n - a potion of degeneration {unknown}
 o - 2 potions of brilliance
 w - a potion of flight {unknown}
 x - a potion of mutation {unknown}
 z - a potion of berserk rage {unknown}


   Skills:
 + Level 4.6 Fighting
 + Level 3.6 Axes
 + Level 4.1 Armour
 + Level 4.2 Shields


You had 5 spell levels left.
You didn't know any spells.
Your spell library contained the following spells:

 Spells                   Type           Power      Damage    Failure   Level
 Apportation              Tloc           0%         N/A       100%        1
 Summon Small Mammal      Summ           0%         N/A       100%        1
 Call Canine Familiar     Summ           0%         N/A       100%        3
 Summon Guardian Golem    Hex/Summ       0%         N/A       100%        3
 Alistair's Intoxication  Tmut/Pois      0%         N/A       100%        5


Dungeon Overview and Level Annotations

Branches:
Dungeon (5/15)
 Temple: D:4-7

Altars:
Dithmenos
Gozag
Wu Jian
Yredelemnul

Shops:
D:3 !


Innate Abilities, Weirdness & Mutations

You sometimes gain a little power by taking damage.
Your touch may inflict irresistible damage on your foes.


Message History

You barely miss the gnoll.
Your attacks no longer feel as feeble.
The gnoll is no longer moving quickly.
The gnoll closely misses you. The gnoll hits you but does no damage.
The gnoll bouda hits you with a +0 whip!
The gnoll hits you but does no damage. The gnoll barely misses you.
You closely miss the gnoll.
The gnoll is moderately wounded.
You barely miss the gnoll. You hit the gnoll. You barely miss the gnoll bouda.
The gnoll barely misses you.
The gnoll bouda barks out a call to the hunt!
The gnoll picks up the pace!
The gnoll hits you but does no damage. The gnoll hits you with a +0 spear.
* * * LOW HITPOINT WARNING * * *
You hit the gnoll.
The gnoll is severely wounded.
You barely miss the gnoll. You hit the gnoll. You hit the gnoll bouda.
The gnoll closely misses you. The gnoll bouda barely misses you.
The gnoll barely misses you.
The gnoll hits you but does no damage. x2
The gnoll bouda hits you but does no damage.
Unknown command.
You slash the gnoll!
You kill the gnoll!
You slash the gnoll!
You kill the gnoll!
You barely miss the gnoll bouda. You hit the gnoll.
The gnoll is no longer moving quickly.
The gnoll closely misses you.
The gnoll bouda barks out a call to the hunt!
The gnoll picks up the pace!
You closely miss the gnoll.
The gnoll is lightly wounded.
You barely miss the gnoll bouda. The gnoll hits you with a +0 spear.
* * * LOW HITPOINT WARNING * * *
The gnoll bouda hits you with a +0 whip!
* * * LOW HITPOINT WARNING * * *
You slash the gnoll!
The gnoll is heavily wounded.
You hit the gnoll bouda. The gnoll closely misses you.
The gnoll bouda hits you with a +0 whip!
You die...

#######.#.#.#######
...................
########.#.#.#......
#.....##..........## #.
##........#.##.##
#.##.....##.........
.#.##...................
......).g....##.........
.#....†@...........(....
......))g.........#.....
........................
....#...........###....#
................. ......
#............... .
#.............. #
.............. .


You could see a gnoll bouda and a gnoll (swift).

Vanquished Creatures
  A scorpion (D:4)
  A bullfrog (D:4)
  A hound (D:5)
  A jelly (D:4)
  An orc priest (D:4)
  An iguana (D:5)
  An orc wizard (D:4)
  Ijyb (D:3)
  3 adders
  6 gnolls
  A shadow imp (D:4)
  An ufetubus (D:4)
  2 worms
  3 dart slugs
  5 orcs
  9 ball pythons
  8 bats
  4 endoplasms
  2 giant cockroaches
  8 goblins
  6 hobgoblins
  3 quokkas
  3 frilled lizards
  7 kobolds
  5 rats
84 creatures vanquished.

Notes
Turn   | Place    | Note
-------+----------+-------------------------------------------
     0 | D:1      | LucemDeus the Demonspawn Fighter began the quest for the
                  | Orb.
     0 | D:1      | Reached XP level 1. HP: 18/18 MP: 1/1
   299 | D:1      | Gained mutation: Your touch may inflict minor irresistible
                  | damage on your foes. [demonic ancestry]
   299 | D:1      | Reached XP level 2. HP: 16/24 MP: 2/2
  1021 | D:2      | Gained mutation: You sometimes gain a little power by
                  | taking damage. [demonic ancestry]
  1021 | D:2      | Reached XP level 3. HP: 28/29 MP: 3/3
  1500 | D:3      | Found Bauc Pyet's Distillery.
  1544 | D:3      | Reached XP level 4. HP: 9/35 MP: 4/4
  2073 | D:3      | Noticed Ijyb
  2076 | D:3      | Paralysed by Ijyb for 5 turns
  2083 | D:3      | Killed Ijyb
  2284 | D:3      | Gained mutation: Your touch may inflict irresistible damage
                  | on your foes. [demonic ancestry]
  2284 | D:3      | Reached XP level 5. HP: 42/42 MP: 5/5
  2288 | D:3      | Found a shadowy altar of Dithmenos.
  2327 | D:3      | Found a basalt altar of Yredelemnul.
  2580 | D:3      | Found an ornate altar of the Wu Jian Council.
  2693 | D:4      | Reached XP level 6. HP: 44/48 MP: 6/6
  3116 | D:4      | Found an opulent altar of Gozag.
  3371 | D:5      | Entered Level 5 of the Dungeon
  3446 | D:5      | HP: 1/49 [gnoll/+0 spear[a gnoll bouda] (4)]
  3455 | D:5      | Slain by a gnoll bouda

Illustrated notes

Levels and vault maps discovered:
D:1:      lightli_arrival_isolated_outpost, layout_basic,
          shapermc_ecumenical_altar_petra, serial_park_tiny_pond,
          wad_floor_pattern_2, chequers_hall_statues_wall_a,
          minmay_misc_feat_more_columns
D:2:      layout_rooms
D:3:      layout_rooms, marbit_many_paths, mainiacjoe_overflow_brackets,
          mainiacjoe_overflow_six_doors_small, serial_shops,
          nicolae_square_shop, minmay_misc_feat_pillars,
          chequers_serial_rivers_micro_d, uniq_ijyb
D:4:      layout_cave_pools, mainiacjoe_overflow_24_doors
D:5:      layout_basic, minmay_temple_entry_sparse_star, minmay_misc_feat_plants

Skill      XL: |  1  2  3  4  5  6 |
---------------+-------------------+-----
Axes           | 2 3 |  3.6
Shields        | 3 4 |  4.2
Armour         | 3 4 |  4.1
Fighting       | 4 |  4.6

Action                   |  1- 3 |  4- 6 || total
-------------------------+-------+-------++-------
Melee: War axe           |    86 |   101 ||   187
       Touch             |    10 |    16 ||    26
       Punch             |       |     1 ||     1
  Use: Scroll            |     5 |     5 ||    10
       Potion            |       |     2 ||     2
Armor: Scale mail        |    43 |       ||    43
       Plate armour      |       |    71 ||    71
Dodge: Dodged            |    61 |    71 ||   132
Block: Buckler           |     1 |       ||     1
